 Dungeon Crawl Stone Soup version 0.22-a0-305-gd21a89c (webtiles) character file.

294 4thArraOfDagon the Grave Robber (level 5, -3/38 HPs)
             Began as a Demigod Necromancer on Mar 31, 2018.
             Slain by Pikel
             ... wielding a +2 whip of electrocution
              (11 damage)
             ... on level 6 of the Dungeon.
             The game lasted 00:04:28 (990 turns).

4thArraOfDagon the Grave Robber (DgNe)               Turns: 990, Time: 00:04:29

Health: -3/38      AC:  4    Str: 11    XL:     5   Next: 85%
Magic:  0/12       EV: 12    Int: 21    God:
Gold:   154        SH:  0    Dex: 16    Spells: 3/10 levels left

rFire    . . .     SeeInvis .   i - +0 long sword
rCold    . . .     Gourm    .   (no shield)
rNeg     . . .     Faith    .   a - +0 robe
rPois    .         Spirit   .   (no helmet)
rElec    .         Reflect  .   (no cloak)
rCorr    .         Harm     .   d - +0 pair of gloves
MR       .....                  (no boots)
Stlth    ++........             (no amulet)
HPRegen  0.12/turn              e - +1 ring of protection
MPRegen  0.13/turn              (no ring)

@: no status effects
A: high mp 1
a: no special abilities


You were on level 6 of the Dungeon.
You were not hungry.

You visited 1 branch of the dungeon, and saw 6 of its levels.

You collected 154 gold pieces.

Inventory:

Hand Weapons
 i - a +0 long sword (weapon)
Armour
 a - a +0 robe (worn)
 d - a +0 pair of gloves (worn)
Jewellery
 e - a +1 ring of protection (left hand)
Scrolls
 f - a scroll of noise {unknown}
 g - a scroll of remove curse {unknown}
 h - a scroll of random uselessness {unknown}
 j - a scroll of enchant armour {unknown}
 l - a scroll of teleportation {unknown}
 m - 2 scrolls of enchant weapon {unknown}
 n - a scroll of fog {unknown}
 p - a scroll of holy word {unknown}
Potions
 b - a potion of agility
 o - a potion of curing
Comestibles
 c - 4 rations
 k - 6 chunks of flesh


   Skills:
 - Level 1.7 Dodging
 - Level 1.7 Stealth
 - Level 3.1 Spellcasting
 * Level 6.1 Necromancy


You had 3 spell levels left.
You knew the following spells:

 Your Spells              Type           Power        Failure   Level  Hunger
a - Pain                  Necr           ####         1%          1    None
b - Vampiric Draining     Necr           ####......   3%          3    ###....
c - Regeneration          Chrm/Necr      ###.......   11%         3    ###....


Dungeon Overview and Level Annotations

Branches:
Dungeon (6/15)             Temple (0/1) D:5

Annotations:
D:6 Pikel


Innate Abilities, Weirdness & Mutations

You have an increased reservoir of magic. (+10% MP)


Message History

Aiming: Vampiric Draining (safe; 3% risk of failure)
Press: ? - help, Shift-Dir - straight line, f/p - Pikel
Aim: Pikel, wielding a whip of electrocution and wearing a robe (heavily wounded) Pikel is severely wounded.
You feel life coursing into your body.
Pikel hits you with a whip of electrocution!
* * * LOW HITPOINT WARNING * * *
Unknown command.
Unknown command.
Casting: Vampiric Draining (safe; 3% risk of failure)
Confirm with . or Enter, or press ? or * to list all spells.
Aiming: Vampiric Draining (safe; 3% risk of failure)
Press: ? - help, Shift-Dir - straight line, f/p - Pikel
Aim: Pikel, wielding a whip of electrocution and wearing a robe (severely wounded) Pikel is almost dead.
You feel life coursing into your body.
Pikel hits you with a whip of electrocution.
* * * LOW HITPOINT WARNING * * *
You are electrocuted!
You die...

#.######......#####.#
... #......).....#
#.## #.####.#######
... #.# #.# ### #รท#
#.# #.# #.# #.# #.#
#.# #.# #@# #.. #K#
### #p##########
#ph.........
####p.....# #.####...
#p# #p# ..h


You could see Pikel, 2 slaves and a jackal.

Vanquished Creatures
  An ogre (D:4)
  A bullfrog (D:6)
  A howler monkey (D:6)
  A jelly (D:6)
  An iguana (D:6)
  3 adders
  An ooze (D:4)
  2 leopard geckos (D:4)
  4 bats (D:3)
  4 giant cockroaches
  A hobgoblin (D:2)
  A kobold (D:3)
  2 frilled lizards (D:4)
  4 rats
27 creatures vanquished.

Notes
Turn   | Place    | Note
-------+----------+-------------------------------------------
     0 | D:1      | 4thArraOfDagon the Demigod Necromancer began the quest for the Orb.
     0 | D:1      | Reached XP level 1. HP: 14/14 MP: 5/5
   253 | D:3      | Noticed a bullfrog
   261 | D:3      | Reached skill level 4 in Necromancy
   261 | D:3      | Reached XP level 2. HP: 17/20 MP: 2/7
   343 | D:3      | Found a basalt altar of Yredelemnul.
   379 | D:4      | Reached XP level 3. HP: 22/26 MP: 5/9
   384 | D:4      | Learned a level 3 spell: Vampiric Draining
   425 | D:4      | Found a burning altar of Makhleb.
   457 | D:5      | Entered Level 5 of the Dungeon
   457 | D:5      | Noticed an ogre
   531 | D:4      | Found a stormy altar of Qazlal.
   559 | D:4      | Noticed an ogre
   641 | D:4      | Killed an ogre
   641 | D:4      | Reached skill level 5 in Necromancy
   641 | D:4      | Reached XP level 4. HP: 24/33 MP: 1/11
   648 | D:4      | Learned a level 3 spell: Regeneration
   714 | D:5      | Found a staircase to the Ecumenical Temple.
   808 | D:6      | Noticed a bullfrog
   816 | D:6      | Killed a bullfrog
   816 | D:6      | Reached XP level 5. HP: 22/38 MP: 8/12
   828 | D:6      | Noticed a slave
   900 | D:6      | Reached skill level 6 in Necromancy
   972 | D:6      | Noticed a slave
   974 | D:6      | Noticed Pikel
   974 | D:6      | Noticed a slave
   975 | D:6      | Noticed a slave
   990 | D:6      | Slain by Pikel

Vault maps used:
D:1:      onia_arrival_larder
D:2:      lemuel_zombie_altar_kikubaaqudgha, nicolae_overflow_crystal_walls,
          chequers_ecumenical_altar_simple, kennysheep_jessica_study,
          uniq_terence
D:3:      yredelemnul_altar_generic, first_ration, minmay_misc_feat_encased
D:4:      nicolae_qazlal_general_emergency, old_standard_altar,
          minmay_misc_feat_hallway, minmay_box_of_dots
D:5:      nicolae_overflow_hidden_temple, minmay_temple_entry_junction
D:6:      kennysheep_mini, grunt_temple_overflow_open, serial_shops,
          kennysheep_mini_moat, serial_bayou_lagoon_a, okawaru_gym_becter,
          uniq_pikel, uniq_edmund, uniq_eustachio, uniq_duvessa

Skill      XL: |  1  2  3  4  5 |
---------------+----------------+-----
Spellcasting   | 2 3 |  3.1
Necromancy     | 4 5 6 |  6.1
Dodging        | |  1.7
Stealth        | |  1.7

Action                   |  1- 3 |  4- 6 || total
-------------------------+-------+-------++-------
Melee: Long sword        |    13 |    25 ||    38
 Cast: Pain              |    28 |     6 ||    34
       Vampiric Draining |     1 |    10 ||    11
  Use: Scroll            |     1 |     1 ||     2
  Eat: Chunk             |       |     1 ||     1
Armor: Robe              |     5 |    11 ||    16
Dodge: Dodged            |    21 |    19 ||    40
       Rpst.: Long sword |     7 |     7 ||    14

Table legend:
 A = Spawn XP
 B = Non-spawn XP
 C = Spawn XP percentage of total XP
 D = Spawn monster count
 E = Non-spawn monster count
 F = Spawn count percentage of total count
 G = Total turns spent on level
                    A         B        C        D         E        F      G
               +---------+---------+-------+---------+---------+-------+---------
         Total |       0 |     420 |   0.0 |       0 |      27 |   0.0 |   990
               +---------+---------+-------+---------+---------+-------+---------
           D:1 |       0 |       8 |   0.0 |       0 |       5 |   0.0 |   151
           D:2 |       0 |       2 |   0.0 |       0 |       1 |   0.0 |    67
           D:3 |       0 |      25 |   0.0 |       0 |       8 |   0.0 |   143
           D:4 |       0 |     150 |   0.0 |       0 |       8 |   0.0 |   328
           D:5 |       0 |      14 |   0.0 |       0 |       1 |   0.0 |   111
           D:6 |       0 |     221 |   0.0 |       0 |       4 |   0.0 |   190
               +---------+---------+-------+---------+---------+-------+---------
